 Dungeon Crawl Stone Soup version 0.29-a0-1008-g949cc1d0fb (webtiles) character file.

Game seed: 16858886071436209297

42 RevDB the Conjurer (level 3, -8/26 HPs)
             Began as a Draconian Conjurer on Aug 7, 2022.
             Killed by divine providence
             ... invoked by an orc priest
              (15 damage)
             ... on level 3 of the Dungeon.
             The game lasted 00:07:47 (1221 turns).

RevDB the Conjurer (Draconian Conjurer)             Turns: 1221, Time: 00:07:48

Health: -8/26      AC:  6    Str:  9    XL:     3   Next: 35%
Magic:  6/6        EV: 12    Int: 20    God:
Gold:   155        SH:  0    Dex:  9    Spells: 3/6 levels left

rFire   . . .      SeeInvis .   c - +0 whip
rCold   . . .      Faith    .   (no shield)
rNeg    . . .      Spirit   .   (body armour unavailable)
rPois   .          Reflect  .   (helmet restricted)
rElec   .          Harm     .   h - +0 cloak
rCorr   .          Rampage  .   (no gloves)
Will    .....                   (no boots)
Stlth   ++........              s - amulet of magic regeneration
HPRegen 0.08/turn               (no ring)
MPRegen 0.50/turn               (no ring)

@: no status effects
A: AC +5, unfitting armour, cold-blooded
a: no special abilities


You were on level 3 of the Dungeon.
You visited 1 branch of the dungeon, and saw 3 of its levels.

You collected 155 gold pieces.

Inventory:

Hand Weapons
 c - a +0 whip (weapon)
Armour
 h - a +0 cloak (worn)
Jewellery
 j - an amulet of faith
 s - an amulet of magic regeneration (around neck)
Scrolls
 b - 2 scrolls of fog {unknown}
 e - a scroll of immolation {unknown}
 i - a scroll of silence {unknown}
 m - 2 scrolls of teleportation {unknown}
 n - a scroll of identify {unknown}
 p - a scroll of enchant weapon {unknown}
 r - a scroll of noise {unknown}
Potions
 a - a potion of magic
 d - a potion of degeneration {unknown}
 f - 2 potions of heal wounds {unknown}
 g - a potion of resistance {unknown}
 k - a potion of cancellation {unknown}
 l - a potion of curing {unknown}
 o - a potion of haste {unknown}
 q - a potion of mutation {unknown}


   Skills:
 - Level 1.7 Dodging
 - Level 1.7 Stealth
 - Level 2.0 Spellcasting
 + Level 5.2 Conjurations


You had 3 spell levels left.
You knew the following spells:

 Your Spells              Type           Power      Damage    Failure   Level
a - Magic Dart            Conj           92%        1d7       1%          1
b - Searing Ray           Conj           46%        2d6       2%          2

Your spell library contained the following spells:

 Spells                   Type           Power      Damage    Failure   Level
 Dazzling Flash           Conj/Hex       24%        N/A       16%         3
 Fulminant Prism          Conj/Hex       6%         3d7       47%         4
 Iskenderun's Mystic Bla  Conj/Tloc      12%        2d5       47%         4


Dungeon Overview and Level Annotations

Branches:
Dungeon (3/15)

Altars:
Xom


Innate Abilities, Weirdness & Mutations

Your plain brown scales are hard. (AC +5)
You cannot fit into any form of body armour.
You are cold-blooded and may be slowed by cold attacks.


Message History

Why would you want to do that? Why would you want to do that?
You open the door. 2 orcs and 2 orc priests come into view.
The orc priest shouts!
The orc shouts! x2; You hear a shout!
An orc priest comes into view. It is wielding a +0 short sword.
Aiming: Magic Dart (safe; 1% risk of failure)
Press: ? - help, Q - select action, (/) - cycle Shift-Dir - straight line, f - orc priest
Aim: an orc priest, wielding a +0 hand axe and wearing a +0 robe (100% to hit)
The magic dart hits the orc priest.
The orc priest is lightly wounded.
You hit the orc priest.
The orc priest is moderately wounded.
The orc priest closely misses you.
You hit the orc priest but do no damage.
Your tail-slap misses the orc priest.
The orc priest is moderately wounded.
The orc priest barely misses you.
You closely miss the orc priest.
The orc priest is moderately wounded.
The orc priest hits you but does no damage.
You closely miss the orc priest. You tail-slap the orc priest.
The orc priest is moderately wounded.
The orc priest hits you with a +0 hand axe.
You hit the orc priest.
You tail-slap the orc priest, but do no damage.
The orc priest is heavily wounded.
The orc priest barely misses you.
You hit the orc priest but do no damage.
The orc priest is heavily wounded.
You hit the orc but do no damage.
Your tail-slap misses the orc.
The orc priest invokes the aid of Beogh against you.
Beogh smites you!
Ouch! That really hurt!
You closely miss the orc. The orc hits you with a +0 club.
* * * LOW HITPOINT WARNING * * *
The orc priest mumbles some strange prayers to Beogh against you.
Beogh smites you!
Ouch! That really hurt!
You die...

#......#
####.####'####
#....#≈≈≈†≈≈≈#
####.####≈.....≈#
##.......#≈.###.≈#
####.#.#.##.#≈.#
#.≈# ....###..#
#≈.###.≈# ####.#
### #≈.....≈# #
#.# #≈≈≈@≈≈≈# . .#
####o#### ## .


ooo # .. ..o.# .. .....# ### ......# .......# ........# You could see 3 orc
priests and 2 orcs.

Vanquished Creatures
  3 dart slugs
  5 bats
  2 endoplasms
  2 giant cockroaches
  4 goblins
  3 hobgoblins (D:1)
  A jackal (D:1)
  2 kobolds
  4 quokkas
  2 ball pythons
  A frilled lizard (D:2)
  3 rats
32 creatures vanquished.

Notes
Turn   | Place    | Note
-------+----------+-------------------------------------------
     0 | D:1      | RevDB the Draconian Conjurer began the quest for the Orb.
     0 | D:1      | Reached XP level 1. HP: 14/14 MP: 3/3
    33 | D:1      | Found a faded altar of an unknown god.
   226 | D:1      | Reached XP level 2. HP: 20/20 MP: 1/5
   229 | D:1      | Learned a level 2 spell: Searing Ray
   657 | D:2      | Reached skill level 5 in Conjurations
   664 | D:2      | Reached XP level 3. HP: 26/26 MP: 1/6
  1060 | D:3      | Found a shimmering altar of Xom.
  1221 | D:3      | Killed from afar by an orc priest

Illustrated notes

Levels and vault maps discovered:
D:1:      giann_forest_graveyard, layout_basic, basic_ecumenical_altar,
          minmay_circled_x
D:2:      layout_rooms
D:3:      layout_loops_ring, amcnicky_altar_gilded, kennysheep_generic_room_11

Skill      XL: |  1  2 |
---------------+-------+-----
Conjurations   | 5 |  5.2
Dodging        | |  1.7
Stealth        | |  1.7
Spellcasting   | |  2.0

Action                   || total
-------------------------++-------
Melee: Whip              ||    41
       Tailslap          ||     3
 Cast: Magic Dart        ||    51
Armor: Skin              ||    15
Dodge: Dodged            ||    25

Table legend: (Time is in decaauts)
 A = Elapsed time spent in this place.
 B = Non-inter-level travel time spent in this place.
 C = Inter-level travel time spent in this place.
 D = Time resting spent in this place.
 E = Time spent auto-exploring this place.
 F = Levels seen in this place.
 G = Mean time per level.
                   A        B        C        D        E       F      G
               +--------+--------+--------+--------+--------+-----+--------+
         Total |   1223 |   1219 |      4 |      0 |    377 |   3 |  407.7 |
       Dungeon |   1223 |   1219 |      4 |      0 |    377 |   3 |  407.7 |
               +--------+--------+--------+--------+--------+-----+--------+

Top non-repeatable levels by time:
     D:1: 633 daAuts
     D:2: 424 daAuts
     D:3: 166 daAuts
